 Dungeon Crawl Stone Soup version 0.21-a0-278-ga722497 (webtiles) character file.

309 vishdafish the Skirmisher (level 6, -10/48 HPs)
             Began as a Demonspawn Fighter on Sept 21, 2017.
             Mangled by an ogre
             ... wielding a +0 giant spiked club
              (26 damage)
             ... on level 4 of the Dungeon.
             The game lasted 00:03:42 (3060 turns).

vishdafish the Skirmisher (Demonspawn Fighter)      Turns: 3060, Time: 00:03:42

Health: -10/48     AC:  8    Str: 19    XL:     6   Next: 17%
Magic:  6/6        EV:  7    Int:  9    God:
Gold:   203        SH:  9    Dex: 12    Spells: 5/5 levels left

rFire    . . .     SeeInvis .   a - +0 rapier
rCold    . . .     Gourm    .   c - +0 shield
rNeg     . . .     Faith    .   b - +0 scale mail
rPois    .         Spirit   .   (no helmet)
rElec    .         Reflect  .   (no cloak)
rCorr    .         Harm     .   (no gloves)
MR       .....                  (no boots)
Stlth    +.........             (no amulet)
HPRegen  0.16/turn              e - ring of flight
MPRegen  0.10/turn              (no ring)

@: drained
A: yellow scales 1, nightstalker 1, powered by death 1
a: Evoke Flight


You were on level 4 of the Dungeon.
You were not hungry.

You visited 1 branch of the dungeon, and saw 4 of its levels.

You collected 203 gold pieces.

Inventory:

Hand Weapons
 a - a +0 rapier (weapon)
Armour
 b - a +0 scale mail (worn)
 c - a +0 shield (worn)
Jewellery
 e - a ring of flight (left hand)
Scrolls
 i - 3 scrolls of identify {unknown}
 j - 2 scrolls of immolation {unknown}
 l - 2 scrolls of remove curse {unknown}
 m - a scroll of magic mapping {unknown}
 n - a scroll of enchant armour {unknown}
 o - 3 scrolls of teleportation {unknown}
 q - a scroll of amnesia {unknown}
Potions
 p - a potion of curing {unknown}
Books
 d - a book of Misfortune

   Spells                             Type                      Level
   a - Confusing Touch                Hexes                        1
   b - Confuse                        Hexes                        3
   c - Gell's Gravitas                Translocation                3
   d - Petrify                        Transmutation/Earth          4
   e - Metabolic Englaciation         Hexes/Ice                    5
   f - Yara's Violent Unravelling     Hexes/Transmutation          5
Comestibles
 f - 3 bread rations
 g - 3 royal jellies
 h - 3 fruits
 k - 3 meat rations
 r - 2 chunks of flesh


   Skills:
 + Level 3.9(3.7) Fighting
 * Level 3.7(3.5) Short Blades
 + Level 3.5(3.3) Armour
 + Level 2.0(1.7) Stealth
 + Level 3.6(3.3) Shields


You had 5 spell levels left.
You didn't know any spells.

Dungeon Overview and Level Annotations

Branches:
Dungeon (4/15)
 Temple: D:4-7

Altars:
Dithmenos
Fedhas
Uskayaw
Yredelemnul
The Shining One


Innate Abilities, Weirdness & Mutations

You are partially covered in yellow scales. (AC +2)
You are slightly more attuned to the shadows.
You regenerate a little health from kills.


Message History

Fire/throw which item? (* to show all) (? for menu, Esc to quit)
Okay, then.
The ogre shouts!
Found a glowing golden altar of the Shining One.
You hit the ogre.
The ogre is lightly wounded.
The ogre hits you with a giant spiked club!
You puncture the ogre!
The ogre is heavily wounded.
The ogre hits you with a giant spiked club.
You hit the ogre.
The ogre is heavily wounded.
The ogre hits you with a giant spiked club!!
You puncture the ogre!
The ogre is severely wounded.
You hit the ogre but do no damage.
The ogre is severely wounded.
The ogre hits you with a giant spiked club!!
Ouch! That really hurt!
You die...

### #.## #._ ####..## #..
#......# ###.### ####......#
##8...8#####.#.....#.#
#........##.......##.#
.................###.#
.....O@.......#### #.##
#......######## #... #####..#
#...
##############################...
..........##.....................
..........##.....................
..[............#.............)...
.............†.#....########.....
..........#...........> #.....


You could see an ogre.

Vanquished Creatures
  A sky beast (D:2)
  A bullfrog skeleton (D:3)
  An orc wizard (D:3)
  3 gnolls (D:2)
  4 adders
  2 worms
  2 dart slugs
  6 orcs
  5 bats
  5 giant cockroaches
  11 goblins
  8 hobgoblins
  5 jackals
  8 kobolds
  2 ball pythons
  7 frilled lizards
  3 rats
  A spectral orc (D:3)
75 creatures vanquished.

Notes
Turn   | Place    | Note
-------+----------+-------------------------------------------
     0 | D:1      | vishdafish the Demonspawn Fighter began the quest for the Orb.
     0 | D:1      | Reached XP level 1. HP: 18/18 MP: 1/1
   127 | D:1      | Gained mutation: You are partially covered in yellow scales. (AC +2) [demonic ancestry]
   127 | D:1      | Reached XP level 2. HP: 18/24 MP: 2/2
   416 | D:1      | Gained mutation: You are slightly more attuned to the shadows. [demonic ancestry]
   416 | D:1      | Reached XP level 3. HP: 16/29 MP: 3/3
   932 | D:2      | Noticed a sky beast
   956 | D:2      | Killed a sky beast
   956 | D:2      | Reached skill level 1 in Stealth
   956 | D:2      | Reached XP level 4. HP: 26/37 MP: 4/4
   956 | D:2      | Reached XP level 5. HP: 30/42 MP: 5/5
  2032 | D:3      | Found a hide-covered altar of Uskayaw.
  2123 | D:3      | Found a blossoming altar of Fedhas.
  2340 | D:3      | Gained mutation: You regenerate a little health from kills. [demonic ancestry]
  2340 | D:3      | Reached XP level 6. HP: 46/48 MP: 6/6
  2721 | D:3      | Found a shadowy altar of Dithmenos.
  2870 | D:3      | Found a basalt altar of Yredelemnul.
  3055 | D:4      | Found a glowing golden altar of the Shining One.
  3060 | D:4      | Mangled by an ogre

Vault maps used:
D:1:      dpeg_arrival_short_road
D:2:      first_bread
D:3:      eat_drink_and_be_merry_uskayaw, old_standard_altar,
          yredelemnul_forgotten_temple_becter, fedhas_altar_2
D:4:      xom_teletrap_fun, nicolae_tso_carved_into_rock, roderic_lattice_a,
          uniq_natasha

Skill      XL: |  1  2  3  4  5  6 |
---------------+-------------------+-----
Short Blades   | 2 3 |  3.7
Shields        | 3 |  3.6
Armour         | 3 |  3.5
Stealth        | 1 2 |  2.0
Fighting       | |  3.9

Action                   |  1- 3 |  4- 6 || total
-------------------------+-------+-------++-------
Melee: Rapier            |   136 |   179 ||   315
  Use: Potion            |     2 |       ||     2
 Stab: Sleeping          |       |     2 ||     2
  Eat: Chunk             |       |     7 ||     7
Armor: Scale mail        |    80 |    60 ||   140
Dodge: Dodged            |    49 |    35 ||    84
Block: Shield            |    73 |    64 ||   137

Table legend:
 A = Spawn XP
 B = Non-spawn XP
 C = Spawn XP percentage of total XP
 D = Spawn monster count
 E = Non-spawn monster count
 F = Spawn count percentage of total count
 G = Total turns spent on level
                    A         B        C        D         E        F      G
               +---------+---------+-------+---------+---------+-------+---------
         Total |       0 |     442 |   0.0 |       0 |      75 |   0.0 |  3060
               +---------+---------+-------+---------+---------+-------+---------
           D:1 |       0 |      41 |   0.0 |       0 |      21 |   0.0 |   773
           D:2 |       0 |     258 |   0.0 |       0 |      33 |   0.0 |  1164
           D:3 |       0 |     130 |   0.0 |       0 |      16 |   0.0 |  1022
           D:4 |       0 |      13 |   0.0 |       0 |       5 |   0.0 |   101
               +---------+---------+-------+---------+---------+-------+---------
